 Dungeon Crawl Stone Soup version 0.26.1-2-gb8aa6d0cf2 (webtiles) character file.

Game seed: 6532385746937760787

193 funkygono the Chopper (level 5, 0/47 HPs)
             Began as a Hill Orc Fighter on Mar 13, 2021.
             Succumbed to a killer bee's poison
             ... on level 2 of the Dungeon.
             The game lasted 00:04:28 (1825 turns).

funkygono the Chopper (Hill Orc Fighter)            Turns: 1825, Time: 00:04:28

Health: 0/47       AC:  9    Str: 19 (20) XL:     5   Next: 72%
Magic:  5/5        EV:  9    Int:  6 (8)  God:
Gold:   134        SH:  9    Dex:  7 (10) Spells: 4/4 levels left

rFire    . . .     SeeInvis .   a - +0 war axe
rCold    + . .     Faith    .   c - +0 kite shield
rNeg     . . .     Spirit   .   p - +0 chain mail
rPois    .         Reflect  .   (no helmet)
rElec    .         Harm     .   (no cloak)
rCorr    .         Rampage  .   (no gloves)
Will     .....                  (no boots)
Stlth    ..........             (no amulet)
HPRegen  0.15/turn              g - ring of protection from cold
MPRegen  0.09/turn              l - +4 ring of evasion

@: mighty, brilliant, lethally poisoned (0 -> -4), berserk cooldown, attractive,
flying, hasted and slowed
A: no striking features
a: no special abilities


You were on level 2 of the Dungeon.
You visited 1 branch of the dungeon, and saw 4 of its levels.

You collected 134 gold pieces.

Inventory:

Hand Weapons
 a - a +0 war axe (weapon)
Missiles
 i - 80 stones (quivered)
Armour
 b - a +0 scale mail
 c - a +0 kite shield (worn)
 p - a +0 chain mail (worn)
Jewellery
 g - a ring of protection from cold (left hand)
 l - a +4 ring of evasion (right hand)
Scrolls
 f - a scroll of blinking
 o - a scroll of remove curse {unknown}
Potions
 h - a potion of degeneration
 j - 2 potions of brilliance


   Skills:
 + Level 4.5 Fighting
 + Level 4.9 Axes
 + Level 4.3 Armour
 + Level 0.8 Dodging
 + Level 0.2 Stealth
 + Level 4.1 Shields


You had 4 spell levels left.
You didn't know any spells.
Your spell library was empty.

Dungeon Overview and Level Annotations

Branches:
Dungeon (4/15)
 Temple: D:4-7

Altars:
Nemelex Xobeh

Annotations:
D:2 1 transporter


Message History

You feel a strong urge to attack something.
* * * LOW HITPOINT WARNING * * *
You feel sick.
There is a transporter landing site here.
You feel your anger nearly subside.
You are no longer berserk.
You are exhausted.
You feel yourself slow down.
It was a potion of flight.
You feel very buoyant.
You fly up into the air.
* * * LOW HITPOINT WARNING * * *
You feel sick.
* * * LOW HITPOINT WARNING * * *
You feel sick.
There is a transporter landing site here.
There is a lethal amount of poison in your body!
There is a lethal amount of poison in your body!
There is a lethal amount of poison in your body!
There is a lethal amount of poison in your body!
You die...

#................###....# #.
#.................)..#### ##.
#.................#### #..
###.................##### #.#
.....†.†..........©.....### #..
..............#########...# #..
.............##8.....8##..## ##..
..........##.#.........#...###...
....#######..#†#@.©..#.#.......).
......>##....#..#...#..#.####....
######.....#.#..†.....©#.# ###..
#...†........#..#...#..#.# #..
#...††.)####.#.#.....#.#.# ##..
#.......# #.#..![.[!..#.# #...
#.......# #.##8.._..8##.# #...
######### #..#########..#####...
##.....©.....[........


There were no monsters in sight!

Vanquished Creatures
  A killer bee (D:2)
  A worker ant (D:2)
  3 gnolls (D:2)
  3 adders (D:2)
  A dart slug (D:1)
  2 leopard geckos
  An orc (D:2)
  3 giant cockroaches
  11 goblins
  5 hobgoblins
  9 jackals
  3 ball pythons
  5 bats (D:1)
  3 frilled lizards
  8 kobolds
  5 rats (D:1)
64 creatures vanquished.

Notes
Turn   | Place    | Note
-------+----------+-------------------------------------------
     0 | D:1      | funkygono the Hill Orc Fighter began the quest for the Orb.
     0 | D:1      | Reached XP level 1. HP: 19/19 MP: 1/1
   107 | D:1      | Reached XP level 2. HP: 26/27 MP: 2/2
   521 | D:1      | Reached XP level 3. HP: 24/33 MP: 3/3
  1080 | D:2      | Found a transporter.
  1220 | D:2      | Reached XP level 4. HP: 40/40 MP: 4/4
  1241 | D:2      | Found a sparkling altar of Nemelex Xobeh.
  1248 | D:2      | Found a transporter.
  1306 | D:2      | You fall into a shaft and drop 2 floors!
  1508 | D:2      | Reached XP level 5. HP: 47/47 MP: 5/5
  1822 | D:2      | HP: 2/47 [poisoned by a killer bee]
  1825 | D:2      | Succumbed to a killer bee's poison

Illustrated notes

Levels and vault maps discovered:
D:1:      giann_forest_graveyard, layout_basic, minmay_tall_x
D:2:      layout_rooms, gammafunk_temple_overflow_arena,
          minmay_misc_feat_secret_circle, item_on_display_a
D:3:      layout_rooms, gammafunk_ghost_split, minmay_misc_feat_square,
          tso_metal_star
D:4:      layout_basic, serial_shops, shop, uniq_grinder

Skill      XL: |  1  2  3  4 |
---------------+-------------+-----
Fighting       | 4 |  4.5
Axes           | 3 4 |  4.9
Armour         | 4 |  4.3
Shields        | 4 |  4.1
Dodging        | |  0.8
Stealth        | |  0.2

Action                   |  1- 3 |  4- 6 || total
-------------------------+-------+-------++-------
Melee: War axe           |   116 |    69 ||   185
Throw: Stone             |     4 |       ||     4
  Use: Scroll            |     3 |       ||     3
       Potion            |       |     7 ||     7
Armor: Scale mail        |    51 |    23 ||    74
       Chain mail        |       |    11 ||    11
Dodge: Dodged            |    35 |    36 ||    71
Block: Kite shield       |    73 |    42 ||   115
